 Dungeon Crawl Stone Soup version 0.27.1-34-g3ba077fa99 (webtiles) character file.

Game seed: 18190108388149628913

11872 mcbry74 the Grappler (level 11, -10/107 HPs)
             Began as a Troll Gladiator on Jan 22, 2022.
             Was a High Priest of Wu Jian.
             Mangled by Urug (41 damage)
             ... on level 1 of the Lair of Beasts.
             The game lasted 00:56:53 (8884 turns).

mcbry74 the Grappler (Troll Gladiator)              Turns: 8884, Time: 00:56:54

Health: -10/107    AC:  9    Str: 27    XL:     11   Next: 55%
Magic:  10/10      EV: 10    Int:  4    God:    Wu Jian [*****.]
Gold:   679        SH:  0    Dex: 11    Spells: 10/10 levels left

rFire    + + .     SeeInvis .     - Unarmed
rCold    . . .     Faith    .   (no shield)
rNeg     . . .     Spirit   .   P - +0 acid dragon scales
rPois    .         Reflect  .   b - +1 hat
rElec    .         Harm     .   h - scarf {+Inv}
rCorr    +         Rampage  .   (gloves unavailable)
Will     .....                  (boots unavailable)
Stlth    +.........             (no amulet)
HPRegen  1.27/turn              F - ring of protection from fire
MPRegen  0.12/turn              T - ring of protection from fire

@: about to teleport
A: large, unfitting armour, claws 3, regeneration 1, shaggy fur 1, tough skin 1
a: Renounce Religion, Evoke Invisibility, Wall Jump, Serpent's Lash, Heavenly
Storm


You were on level 1 of the Lair of Beasts.
You worshipped Wu Jian.
Wu Jian was extremely pleased with you.
You visited 2 branches of the dungeon, and saw 11 of its levels.
You also visited: Sewer and Ossuary.

You collected 679 gold pieces.

Inventory:

Hand Weapons
 a - a +0 hunting sling
 e - a +1 spear of venom
 s - a +3 flail of distortion
 x - a +0 giant club
 K - a +3 morningstar
Missiles
 c - 5 throwing nets
 d - 60 poisoned darts (quivered)
 g - 234 stones
 j - 35 sling bullets
 u - 3 silver javelins
 B - 4 javelins
 H - 8 boomerangs
 Q - 2 curare-tipped darts
Armour
 b - a +1 hat (worn)
 h - a scarf of invisibility (worn)
 k - a +2 robe of positive energy
 m - a +0 robe
 n - a +0 troll leather armour {Purgy}
 O - a +0 cloak
 P - +0 acid dragon scales (worn)
Jewellery
 F - a ring of protection from fire (left claw)
 I - a ring of fire
 T - a ring of protection from fire (right claw)
 W - a ring of fire
Wands
 r - a wand of acid (18)
 y - a wand of mindburst (10)
 E - a wand of flame (18)
 G - a wand of paralysis (7)
 N - a wand of digging (5)
 U - a wand of iceblast (9)
Scrolls
 i - a scroll of fog
 l - 4 scrolls of teleportation
 o - a scroll of silence
 v - 4 scrolls of enchant weapon
 w - 3 scrolls of fear
 z - 3 scrolls of magic mapping
 A - 4 scrolls of enchant armour
 D - a scroll of blinking
 R - a scroll of brand weapon {unknown}
 S - a scroll of immolation {unknown}
 Y - 2 scrolls of holy word {unknown}
 Z - a scroll of amnesia
Potions
 f - 6 potions of curing
 p - a potion of flight
 q - a potion of might
 t - 3 potions of haste
 C - a potion of magic {unknown}
 J - a potion of attraction {unknown}
 L - a potion of ambrosia {unknown}
 M - a potion of invisibility {unknown}
 V - a potion of brilliance {unknown}
Miscellaneous
 X - a lightning rod (4/4)


   Skills:
 + Level 6.6 Fighting
 + Level 2.3 Maces & Flails
 + Level 3.1 Throwing
 + Level 1.4 Armour
 + Level 3.4 Dodging
 * Level 13.1 Unarmed Combat
 + Level 6.9 Evocations


You had 10 spell levels left.
You didn't know any spells.
Your spell library contained the following spells:

 Spells                   Type           Power      Damage    Failure   Level
 Frozen Ramparts          Ice            0%         1d2       91%         3
 Stone Arrow              Conj/Erth      0%         3d7       91%         3
 Animate Armour           Summ/Erth      0%         N/A       100%        4
 Ice Form                 Ice/Tmut       0%         N/A       100%        4
 Summon Ice Beast         Ice/Summ       0%         N/A       100%        4
 Blade Hands              Tmut           0%         N/A       100%        5
 Bolt of Magma            Conj/Fire/Erth 0%         4d4       100%        5
 Iron Shot                Conj/Erth      0%         9d1       100%        6
 Shatter                  Erth           0%         3d5*      100%        9


Dungeon Overview and Level Annotations

Branches:
Dungeon (10/15)            Temple (0/1) D:6            Lair (1/6) D:10
    Orc (0/2) D:10          Sewer (visited)         Ossuary (visited)

Altars:
Cheibriados
Dithmenos
Elyvilon
Hepliaklqana
Kikubaaqudgha
Sif Muna
Uskayaw
Wu Jian
Yredelemnul
Zin
The Shining One

Annotations:
D:6 1 runed translucent door
Lair:1 Urug


Innate Abilities, Weirdness & Mutations

You are too large for most types of armour.
You have claws for hands.
Your natural rate of healing is unusually fast.
You are covered in fur. (AC +1)
You have tough skin. (AC +1)


Message History

Urug is moderately wounded.
Urug hits you with a +6 demon trident of electrocution!!
You barely miss Urug.
Urug is moderately wounded.
Urug says, "They call me one-eyed Urug.
When I'm done with you they'll have to call you no-head mcbry74."
Urug barely misses you.
You barely miss Urug.
Urug is moderately wounded.
Urug hits you with a +6 demon trident of electrocution!
You completely miss Urug.
Urug is moderately wounded.
You spin and attack Urug repeatedly.
You scratch Urug but do no damage.
Urug is moderately wounded.
You scratch Urug.
Urug is moderately wounded.
Urug hits you with a +6 demon trident of electrocution!
You spin and attack Urug.
You scratch Urug but do no damage.
Urug is moderately wounded.
Urug misses you.
You spin and attack Urug.
You claw Urug!
Urug is heavily wounded.
Urug drinks a potion.
Urug seems to grow stronger.
Aiming: Wall Jump
Press: ? - help, Dir - move target, p - Urug You repeatedly attack Urug from above.
You scratch Urug but do no damage.
Urug is heavily wounded.
You closely miss Urug.
Urug is heavily wounded.
Urug misses you. Urug barely misses you.
Urug hits you from afar with a +6 demon trident of electrocution!!
You are electrocuted!
* * * LOW HITPOINT WARNING * * *
Level annotation: Urug Welcome back, mcbry74 the Troll Gladiator.
The Council says: Follow the path of wisdom and battle!
Press ? for a list of commands and other information.
As you read the scroll of teleportation, it crumbles to dust.
You feel strangely unstable.
Urug hits you from afar with a +6 demon trident of electrocution!!!
You die...

.........)..........####
### ...o...............##
...................##
#.##.........#†.....####
####.#......##.......#.##
###.o...####.........###
##....# #..######...#
#...## ##.# ##### ##...#
##@## ###...## ##...#
#.....# #..o.###
####..### ##.....#
##...###..P##...#
#........### ##...
#..#)...#.# .#
#..##....## #
#..#.......## .#


You could see Urug (strong).

Vanquished Creatures
  Harold (D:9)
  3 two-headed ogres
  Nergalle (Lair:1)
  The ghost of diceflayer the Fighter, a novice MiFi of Okawaru (D:6)
  A black mamba (Lair:1)
  Maurice (D:8)
  Maggie (D:8)
  A cane toad (Lair:1)
  Grinder (D:3)
  Prince Ribbit (D:6)
  A wyvern (D:8)
  A yak (D:8)
  4 vampire mosquitoes (Lair:1)
  2 steam dragons
  Menkaure (D:6)
  An acid dragon (D:8)
  Duvessa (D:6)
  3 water moccasins
  Purgy (Sewer)
  3 ice beasts
  2 black bears
  2 orc warriors
  2 necrophages (D:7)
  2 sky beasts
  An ogre (D:5)
  7 centaurs
  2 kobold brigands
  2 gnoll sergeants (D:8)
  2 bullfrogs
  6 scorpions
  Dowan (D:6)
  A water moccasin skeleton (D:5)
  3 killer bees
  14 wights
  5 howler monkeys
  A bullfrog zombie (D:6)
  3 centaur zombies
  A bullfrog skeleton (D:4)
  A hound (D:6)
  A centaur skeleton (D:7)
  A gnoll shaman (D:7)
  2 orc priests
  A jelly (D:7)
  3 iguanas
  Ijyb (D:3)
  11 orc wizards
  2 killer bee zombies
  6 mummies (Ossuary)
  6 gnolls
  A howler monkey skeleton (D:7)
  9 adders
  2 river rats (D:4)
  2 white imps
  An ufetubus (D:4)
  An adder skeleton (D:4)
  5 worms
  3 dart slugs
  29 orcs
  9 endoplasms
  4 giant cockroaches
  7 goblins
  2 hobgoblins
  3 quokkas
  11 ball pythons
  12 bats
  3 frilled lizards (D:1)
  6 hobgoblin zombies (Ossuary)
  17 kobolds
  7 rats
256 creatures vanquished.

Notes
Turn   | Place    | Note
-------+----------+-------------------------------------------
     0 | D:1      | mcbry74 the Troll Gladiator began the quest for the Orb.
     0 | D:1      | Reached XP level 1. HP: 19/19 MP: 0/0
   106 | D:1      | Reached XP level 2. HP: 27/27 MP: 1/1
   295 | D:1      | Found a faded altar of an unknown god.
   321 | D:1      | Reached skill level 4 in Unarmed Combat
   809 | D:1      | Became a worshipper of the Wu Jian Council
   809 | D:1      | Reached * piety under Wu Jian
   829 | D:1      | Reached XP level 3. HP: 33/33 MP: 2/2
  1066 | D:2      | Found a glowing golden altar of the Shining One.
  1224 | D:2      | Reached skill level 1 in Evocations
  1224 | D:2      | Reached XP level 4. HP: 41/41 MP: 3/3
  1489 | D:3      | Reached ** piety under Wu Jian
  1645 | D:3      | Found a shimmering blue altar of Sif Muna.
  1713 | D:3      | Reached skill level 5 in Unarmed Combat
  1767 | D:3      | Noticed Ijyb
  1781 | D:3      | Killed Ijyb
  1782 | D:3      | Reached XP level 5. HP: 37/48 MP: 4/4
  1852 | D:3      | Noticed Grinder
  1864 | D:3      | Killed Grinder
  1865 | D:3      | Reached skill level 6 in Unarmed Combat
  1865 | D:3      | Reached XP level 6. HP: 41/55 MP: 5/5
  2115 | D:4      | Found a glowing silver altar of Zin.
  2483 | D:4      | Found a glowing drain.
  2496 | Sewer    | Entered a sewer
  2504 | Sewer    | Reached *** piety under Wu Jian
  2540 | Sewer    | Noticed Purgy
  2555 | Sewer    | Killed Purgy
  2556 | Sewer    | Reached skill level 7 in Unarmed Combat
  2556 | Sewer    | Reached XP level 7. HP: 58/62 MP: 6/6
  2802 | D:4      | Found a basalt altar of Yredelemnul.
  3381 | D:5      | Entered Level 5 of the Dungeon
  3505 | D:5      | Reached skill level 8 in Unarmed Combat
  3743 | D:5      | Found a white marble altar of Elyvilon.
  3746 | D:5      | Found a hide-covered altar of Uskayaw.
  3747 | D:5      | Found a snail-covered altar of Cheibriados.
  3860 | D:5      | Reached XP level 8. HP: 55/72 MP: 7/7
  4461 | D:6      | Found a hazy altar of Hepliaklqana.
  4461 | D:6      | Found a shadowy altar of Dithmenos.
  4473 | D:6      | Noticed Prince Ribbit
  4575 | D:6      | Noticed Menkaure
  4584 | D:6      | Killed Menkaure
  4585 | D:6      | Reached skill level 9 in Unarmed Combat
  4710 | D:6      | Found a staircase to the Ecumenical Temple.
  4760 | D:6      | Killed Prince Ribbit
  4761 | D:6      | Reached XP level 9. HP: 71/83 MP: 8/8
  4798 | D:6      | Found a runed translucent door.
  4798 | D:6      | Noticed diceflayer's ghost (novice MiFi)
  4805 | D:6      | Reached skill level 10 in Unarmed Combat
  4806 | D:6      | Reached **** piety under Wu Jian
  4814 | D:6      | Killed diceflayer's ghost
  4815 | D:6      | Reached skill level 5 in Evocations
  4821 | D:6      | Found a runed translucent door.
  4960 | D:6      | Noticed Duvessa
  4964 | D:6      | Noticed Dowan
  4971 | D:6      | Killed Duvessa
  4976 | D:6      | Killed Dowan
  5407 | D:7      | Reached skill level 11 in Unarmed Combat
  5524 | D:7      | Reached XP level 10. HP: 94/94 MP: 9/9
  5596 | D:7      | Reached skill level 5 in Fighting
  6029 | D:8      | Found a sand-covered staircase.
  6035 | Ossuary  | Entered an ossuary
  6600 | D:8      | Noticed Maurice
  6613 | D:8      | Killed Maurice
  6806 | D:8      | Noticed a two-headed ogre
  6814 | D:8      | Killed a two-headed ogre
  6842 | D:8      | Noticed Maggie
  6866 | D:8      | Killed Maggie
  6867 | D:8      | Reached skill level 12 in Unarmed Combat
  7069 | D:8      | Reached ***** piety under Wu Jian
  7846 | D:9      | Noticed Harold
  7866 | D:9      | Killed Harold
  7867 | D:9      | Reached XP level 11. HP: 52/105 MP: 10/10
  8139 | D:9      | Found an ancient bone altar of Kikubaaqudgha.
  8266 | D:9      | Reached skill level 1 in Maces & Flails
  8458 | D:10     | Entered Level 10 of the Dungeon
  8459 | D:10     | Noticed a two-headed ogre
  8465 | D:10     | Found a staircase to the Lair.
  8469 | D:10     | Killed a two-headed ogre
  8483 | D:10     | Noticed a two-headed ogre
  8494 | D:10     | Killed a two-headed ogre
  8522 | D:10     | Found a staircase to the Orcish Mines.
  8533 | Lair:1   | Entered Level 1 of the Lair of Beasts
  8565 | D:10     | Noticed a two-headed ogre
  8571 | Lair:1   | Reached skill level 1 in Armour
  8581 | Lair:1   | Reached skill level 13 in Unarmed Combat
  8636 | Lair:1   | Noticed Nergalle
  8647 | Lair:1   | Killed Nergalle
  8837 | Lair:1   | Noticed Urug
  8884 | Lair:1   | Mangled by Urug

Illustrated notes

Levels and vault maps discovered:
D:1:      pf_arrival_petrified_forest, layout_basic,
          hellmonk_ecumenical_altar_crossroads
D:2:      layout_basic, basic_altar, chequers_serial_rivers_micro_a,
          grunt_ministairs_7
D:3:      layout_loops_ring, led_sif_pool, uniq_ijyb, uniq_grinder
D:4:      layout_basic, mainiacjoe_overflow_cross_hatched,
          mainiacjoe_overflow_alcove_2, portal_sewer_entry_a
D:5:      layout_layer_cave, grunt_temple_overflow_open, kennysheep_crisscross,
          grunt_ministairs_11
D:6:      layout_cave_pools, riverfiend_overflow_shadow_ancestor,
          minmay_temple_entry_ruins, ebering_ghost_sewer_f, uniq_prince_ribbit1,
          uniq_duvessa, uniq_menkaure
D:7:      minmay_spotlight, layout_loops_ring
D:8:      minmay_recursive_quarters, layout_basic, nicolae_ossuary_entry_ruins,
          roderic_lattice_a, uniq_maggie, uniq_maurice
D:9:      layout_long_grid, mainiacjoe_overflow_alcove_1,
          hangedman_abyss_or_decor_stagger, hangedman_abyss_or_decor_slice,
          ebering_dispersal_statue_hall, uniq_harold
D:10:     layout_cave_pools, lair_entry_dummy, uniq_grum
Lair:1:   beast_lair_carwin_large_2, layout_layer_cave, basic_altar,
          hangedman_lair_generics_rect, uniq_urug, uniq_nergalle, uniq_fannar

Skill      XL: |  1  2  3  4  5  6  7  8  9 10 11 |
---------------+----------------------------------+-----
Unarmed Combat | 4 5 6 7 8 9 11 12 13 | 13.1
Evocations     | 1 2 3 4 5 6 |  6.9
Fighting       | 3 4 6 |  6.6
Throwing       | 2 3 |  3.1
Maces & Flails | 2 |  2.3
Dodging        | 3 |  3.4
Armour         | 1 |  1.4

Action                   |  1- 3 |  4- 6 |  7- 9 | 10-12 || total
-------------------------+-------+-------+-------+-------++-------
Melee: Unarmed           |    94 |   125 |   251 |   322 ||   792
       Punch             |       |     3 |    12 |    14 ||    29
Throw: Dart              |       |     5 |    11 |       ||    16
Invok: Lunge             |     1 |     4 |    23 |    41 ||    69
       Whirlwind         |       |    14 |    12 |    11 ||    37
 Abil: Evoke Invisibilit |       |     1 |       |     1 ||     2
       Wall Jump         |       |       |     2 |    37 ||    39
Evoke: Wand              |       |     1 |       |     1 ||     2
  Use: Scroll            |       |     6 |       |     8 ||    14
 Stab: Sleeping          |     1 |       |       |       ||     1
       Invisible         |       |     2 |       |       ||     2
Armor: Robe              |    29 |    50 |       |       ||    79
       Troll leather arm |       |       |    97 |    11 ||   108
       Acid dragon scale |       |       |       |    63 ||    63
Dodge: Dodged            |    32 |    67 |    93 |   125 ||   317
